Unix NetHack Version 5.0.0-0 post-release - last build May 10 2026 23:12:36 (d1fa5d53e341ca933230fdaa984d921c805b60aa,branch:main).

Game began 2026-05-13 12:27:00, ended 2026-05-13 12:41:02.

DaveT, lawful male human Priest

       ----
      --.@.
    ---..o-
    |.....|
    --#..
     ##..
     #...
    --...
   --... ....
   |.....`..
   |%........
   --...(....
  ---......%-
  |.......)--
 --)......--
 |.).)...*|
 --.<.)..-|
   ---....|
     --..--
      ----
DaveT the Adept              St:14 Dx:12 Co:15 In:9 Wi:17 Ch:10  Lawful
Dlvl:5  $:72 HP:0(46) Pw:50(70) AC:2  Xp:6 T:2392 

Latest messages:
 You hit the gnome lord.
 You hit the gnome lord!
 The gnome lord swings his thonged club.
 The gnome lord misses!
 You miss the gnome lord.
 The gnome lord swings his thonged club.
 The gnome lord hits!
 You miss the gnome lord.
 You kill the gnome lord!
 Welcome to experience level 6.
 The gnome hits!
 You see here a thonged club.
 You kill the gnome!
 You hit the gnome.
 The gnome swings his thonged club.
 The gnome just misses!
 You kill the gnome!
 You see here a thonged club.
 You see here an arrow.
 With great effort you move the boulder.
 You are beginning to feel hungry.
 What do you want to eat? [efAGI or ?*] ?
 This food really hits the spot!
 You feel strong!
 You must have been exercising diligently.
 You finish eating the food ration.
 What do you want to drop? [$a-fi-kmoq-uxyAC-EGI-M or ?*] A
 You drop 2 tripe rations.
 Your movements are now unencumbered.
 You are hit by an arrow.
 You see here a white gem.
 The bottle crashes on your head and breaks into shards.
 The emerald potion evaporates.
 This burns!
 Call an emerald potion: acid
 You fail to cast the spell correctly.
 You fail to cast the spell correctly.
 The hill orc picks up a white gem.
 You fail to cast the spell correctly.
 The hill orc thrusts her orcish dagger.
 The hill orc hits!
 You hit the hill orc!
 The hill orc thrusts her orcish dagger.
 The hill orc hits!
 You miss the hill orc.
 The hill orc thrusts her orcish dagger.
 The hill orc hits!
 You die...
 Do you want your possessions identified? [ynq] (y) y
 Do you want to see your attributes? [ynq] (y) q

Inventory:
 Coins    ('$')
  $ - 72 gold pieces
 Weapons  (')')
  M - 8 +0 arrows
  J - 4 +3 daggers
  t - a +0 dagger
  C - a +0 orcish dagger
  a - a blessed +1 mace (weapon in right hand)
 Armor    ('[')
  D - a +0 orcish helm (being worn)
  s - a +0 pair of low boots (being worn)
  c - a +0 small shield (being worn)
  b - a +0 robe (being worn)
  x - a +0 ring mail (being worn)
 Comestibles  ('%')
  e - a clove of garlic
  G - 2 food rations
  f - a sprig of wolfsbane
  I - a cursed sprig of wolfsbane
 Scrolls  ('?')
  m - 2 scrolls of enchant armor
  u - a cursed scroll of enchant weapon
  o - a blessed scroll of teleportation
  K - a scroll of teleportation
 Potions  ('!')
  q - a potion of gain energy
  j - a cursed potion of healing
  y - a potion of invisibility
  d - 4 potions of holy water
  E - 5 potions of water
 Rings    ('=')
  r - a blessed +2 ring of increase accuracy
 Wands    ('/')
  L - a wand of striking (0:0)
 Tools    ('(')
  i - a magic marker (0:20)
 Gems/Stones  ('*')
  k - 2 worthless pieces of blue glass

DaveT the Priest's attributes:

Background:
 You were an Adept, a level 6 human Priest.
 You were lawful, on a mission for Anu
 who was opposed by Ishtar (neutral) and Anshar (chaotic).
 You were right-handed.
 You were in the Gnomish Mines, on level 5.
 You entered the dungeon 2392 turns ago.
 You had 340 experience points, 300 more were needed to attain level 7.

Basics:
 You had 0 out of 46 hit points.
 You had 50 out of 70 energy points (spell power).
 Your armor class was 2.
 Your wallet contained 72 zorkmids.
 Autopickup was off.

Final Characteristics:
 Your strength was 14 (limit:18/100).
 Your dexterity was 12 (limit:18).
 Your constitution was 15 (limit:18).
 Your intelligence was 9 (limit:18).
 Your wisdom was 17 (limit:18).
 Your charisma was 10 (limit:18).

Final Status:
 You weren't hungry.
 You were unencumbered.
 You were wielding a mace.
 You had basic skill with mace and could have enhanced that.

Final Attributes:
 You were piously aligned.
 You were guarded.
 Your spell casting was impaired by metallic armor, mitigated by your robe.
 You are dead.

Miscellaneous:
 You didn't encounter any bones levels.
 Total elapsed playing time was 14 minutes and 1 second.

Major events:
 Turn
    1: DaveT the lawful human Priest entered the dungeon
  712: attained the rank of Acolyte (level 3)
 2018: entered the Gnomish Mines
 2314: attained the rank of Adept (level 6)
 2392: killed by a hill orc

Spells:
 Name                 Level Category     Fail Retention
 healing                1   healing       52%  76%-100%
 cure blindness         2   healing       91%  76%-100%

Skills:
 Fighting Skills
   bare handed combat [Unskilled]
 Weapon Skills
   club               [Unskilled]
   mace               [Basic]
   morning star       [Unskilled]
   flail              [Unskilled]
   hammer             [Unskilled]
   quarterstaff       [Unskilled]
   polearms           [Unskilled]
   spear              [Unskilled]
   trident            [Unskilled]
   lance              [Unskilled]
   bow                [Unskilled]
   sling              [Unskilled]
   crossbow           [Unskilled]
   dart               [Unskilled]
   shuriken           [Unskilled]
   boomerang          [Unskilled]
   unicorn horn       [Unskilled]
 Spellcasting Skills
   healing spells     [Unskilled]
   divination spells  [Unskilled]
   clerical spells    [Basic]

Voluntary challenges:
 Character rerolling was not enabled.
 You never genocided any monsters.
 You never polymorphed an object.
 You never changed form.
 You used no wishes.
Achievements:
 You attained the rank of Acolyte.
 You entered a shop.
 You entered the Gnomish Mines.
 You attained the rank of Adept.

 The Dungeons of Doom: levels 1 to 5
    Level 1:
       A grave.
    Level 2:
       A general store, some fountains, a grave.
    Level 3:
       A potion shop, a fountain, a sink.
    Level 4:
       A fountain.
       Stairs down to The Gnomish Mines.
    Level 5:
 The Gnomish Mines:
    Level 5: <- You were here.
       Final resting place for
          you, killed by a hill orc.


Vanquished creatures:
  a ghost
  a pony
  a fog cloud
  3 gnome leaders
  a floating eye
  a homunculus
  a rabid rat
  a centipede
  a giant bat
 an orc zombie
  a werejackal
 an iguana
 an acid blob
  5 coyotes
  a gas spore
  3 manes
  a green mold
  6 gnomes
  2 geckos
  7 jackals
  4 goblins
  2 bats
  5 lichens
  a kobold zombie
  4 newts
56 creatures vanquished.

No species were genocided or became extinct.

Game over:
                       ----------
                      /          \
                     /    REST    \
                    /      IN      \
                   /     PEACE      \
                  /                  \
                  |      DaveT       |
                  |      72 Au       |
                  | killed by a hill |
                  |       orc        |
                  |                  |
                  |                  |
                  |       2026       |
                 *|     *  *  *      | *
        _________)/\\_//(\/(/\)/\//\/|_)_______

Goodbye DaveT the Priest...

You died in The Gnomish Mines on dungeon level 5 with 2053 points,
and 72 pieces of gold, after 2392 moves.
You were level 6 with a maximum of 46 hit points when you died.

